 Dungeon Crawl Stone Soup version 0.28.0-43-g3370ac3207 (webtiles) character file.

Game seed: 9042244703008430943

72 pkoi the Sneak (level 4, -4/21 HPs)
             Began as a Spriggan Enchanter on Mar 8, 2022.
             Killed from afar by Sigmund (8 damage)
             ... with a magic dart
             ... on level 2 of the Dungeon.
             The game lasted 00:03:21 (2059 turns).

pkoi the Sneak (Spriggan Enchanter)                 Turns: 2059, Time: 00:03:21

Health: -4/21      AC:  2    Str:  4    XL:     4   Next: 7%
Magic:  1/9        EV: 18    Int: 18    God:
Gold:   80         SH:  0    Dex: 21    Spells: 4/9 levels left

rFire   . . .      SeeInvis +   a - +1 dagger
rCold   . . .      Faith    .   (no shield)
rNeg    . . .      Spirit   .   b - +0 robe
rPois   .          Reflect  .   (helmet restricted)
rElec   .          Harm     .   (no cloak)
rCorr   .          Rampage  .   (gloves unavailable)
Will    .....                   (boots unavailable)
Stlth   +++.......              (no amulet)
HPRegen 0.07/turn               d - +6 ring of dexterity
MPRegen 0.11/turn               (no ring)

@: very slightly contaminated, very quick
A: very small, no large weapons, unfitting armour, see invisible, speed 3
a: no special abilities


You were on level 2 of the Dungeon.
You visited 1 branch of the dungeon, and saw 2 of its levels.

You collected 80 gold pieces.

Inventory:

Hand Weapons
 a - a +1 dagger (weapon)
Armour
 b - a +0 robe (worn)
Jewellery
 d - a +6 ring of dexterity (left hand)
Potions
 c - 2 potions of invisibility
 e - a potion of cancellation {unknown}
 f - a potion of curing {unknown}


   Skills:
 + Level 0.7 Fighting
 + Level 1.9 Short Blades
 - Level 2.6 Dodging
 + Level 5.1 Stealth
 + Level 3.2 Spellcasting
 + Level 0.4 Conjurations
 + Level 4.1 Hexes
 + Level 0.7 Ice Magic


You had 4 spell levels left.
You knew the following spells:

 Your Spells              Type           Power      Damage    Failure   Level
a - Ensorcelled Hibernat  Hex/Ice        22%        N/A       9%          2
b - Dazzling Flash        Conj/Hex       22%        N/A       19%         3

Your spell library contained the following spells:

 Spells                   Type           Power      Damage    Failure   Level
 Confusing Touch          Hex            17%        N/A       9%          3
 Tukima's Dance           Hex            17%        N/A       9%          3


Dungeon Overview and Level Annotations

Branches:
Dungeon (2/15)

Altars:

Shops:
D:2 (

Annotations:
D:2 Sigmund


Innate Abilities, Weirdness & Mutations

You are very small and have problems with some larger weapons.
You are too small for most types of armour.
You have supernaturally acute eyesight. (SInv)
You cover ground extremely quickly. (Speed+++)


Message History

You impale Sigmund!!
Sigmund is almost dead.
Sigmund hits you with a +0 scythe.
* * * LOW HITPOINT WARNING * * *
Unknown command.
Casting: Ensorcelled Hibernation (safe; 9% risk of failure)
Confirm with . or Enter, or press ? or * to list all spells.
Aiming: Ensorcelled Hibernation (safe; 9% risk of failure)
Press: ? - help, Shift-Dir - straight line, f - Sigmund
Aim: Sigmund, wielding a +0 scythe and wearing a +0 robe (almost dead, chance to affect: 53%) Sigmund resists with significant effort.
Unknown command.
Casting: Ensorcelled Hibernation (safe; 9% risk of failure)
Confirm with . or Enter, or press ? or * to list all spells.
Aiming: Ensorcelled Hibernation (safe; 9% risk of failure)
Press: ? - help, Shift-Dir - straight line, f/p - Sigmund
Aim: Sigmund, wielding a +0 scythe and wearing a +0 robe (almost dead, chance to affect: 53%) Sigmund resists with significant effort.
Sigmund closely misses you.
Unknown command.
Casting: Ensorcelled Hibernation (safe; 9% risk of failure)
Confirm with . or Enter, or press ? or * to list all spells.
Aiming: Ensorcelled Hibernation (safe; 9% risk of failure)
Press: ? - help, Shift-Dir - straight line, f/p - Sigmund
Aim: Sigmund, wielding a +0 scythe and wearing a +0 robe (almost dead, chance to affect: 53%) Sigmund resists with significant effort.
Sigmund hits you with a +0 scythe!
Ouch! That really hurt!
* * * LOW HITPOINT WARNING * * *
Casting: Ensorcelled Hibernation (safe; 9% risk of failure)
Confirm with . or Enter, or press ? or * to list all spells.
Aiming: Ensorcelled Hibernation (safe; 9% risk of failure)
Press: ? - help, Shift-Dir - straight line, f/p - Sigmund
Aim: Sigmund, wielding a +0 scythe and wearing a +0 robe (almost dead, chance to affect: 53%)
You miscast Ensorcelled Hibernation.
You are very lightly contaminated with residual magic.
Nothing appears to happen.
Sigmund gestures at you while chanting. The magic dart hits you!
You die...

****,,,,,,,,,,,,,,* *,*********
*,,,,,,,*#.....,,,* *,**,** *
*,**,**,*#........* *,#,,,*****
*,**,**,*#.......,****..,*,,,,,,
*,**,,,,*#.......,,,,..#,,,*****
*,**,**,**......,,,,...#*,** *
*,**,,,,,<,,....,,,....#*,*
*,,,,,,,*****#.###.....#*,*
****,**** #.@.@.....#*,* *,*
##.##.##.###*,** * *,#####
#........#**,,,***** *,,...#
##...#.####*,,*,,,,,,
####***##.###.#....# **,,,*****
...# #........##.# **,**,* *
##.######.###.#.#,## ******,***
.#.......## ##...#* *,,,,,,,,,
.#.#####.# *#.## *,,,,,,***


You could see Sigmund.

Vanquished Creatures
  Jessica (D:2)
  An adder (D:2)
  5 ball pythons
  6 bats
  3 endoplasms
  A giant cockroach (D:1)
  A goblin (D:1)
  3 hobgoblins
  A quokka (D:2)
  2 frilled lizards (D:1)
  7 kobolds
  4 rats
35 creatures vanquished.

Notes
Turn   | Place    | Note
-------+----------+-------------------------------------------
     0 | D:1      | pkoi the Spriggan Enchanter began the quest for the Orb.
     0 | D:1      | Reached XP level 1. HP: 9/9 MP: 5/5
   168 | D:1      | Reached XP level 2. HP: 13/13 MP: 6/6
   171 | D:1      | Learned a level 2 spell: Ensorcelled Hibernation
   422 | D:1      | You fall into a shaft and drop 1 floor!
  1382 | D:1      | Reached skill level 5 in Stealth
  1382 | D:1      | Reached XP level 3. HP: 17/17 MP: 8/8
  1386 | D:1      | Learned a level 3 spell: Dazzling Flash
  1615 | D:2      | Found Xixosae's Antique Weapon Emporium.
  1887 | D:2      | Noticed Jessica
  1915 | D:2      | Killed Jessica
  1916 | D:2      | Reached XP level 4. HP: 20/21 MP: 0/9
  2051 | D:2      | Noticed Sigmund
  2059 | D:2      | Killed from afar by Sigmund

Illustrated notes

Levels and vault maps discovered:
D:1:      lightli_arrival_maybe_door_vault, layout_basic
D:2:      layout_loops_cross, serial_shops, nicolae_shop_crystal,
          minmay_misc_feat_tower, uniq_sigmund, uniq_jessica, uniq_robin

Skill      XL: |  1  2  3 |
---------------+----------+-----
Spellcasting   | 3 |  3.2
Stealth        | 5 |  5.1
Hexes          | 4 |  4.1
Fighting       | |  0.7
Short Blades   | |  1.9
Dodging        | |  2.6
Conjurations   | |  0.4
Ice Magic      | |  0.7

Action                   |  1- 3 |  4- 6 || total
-------------------------+-------+-------++-------
Melee: Dagger            |    97 |     2 ||    99
       Punch             |     1 |       ||     1
 Cast: Ensorcelled Hiber |    13 |     3 ||    16
  Use: Scroll            |     1 |       ||     1
 Stab: Sleeping          |    21 |     2 ||    23
Armor: Robe              |    17 |       ||    17
Dodge: Dodged            |    85 |     1 ||    86
